 Dungeon Crawl Stone Soup version 0.24-a0-521-g122614b (webtiles) character file.

Game seed: 10979016497952791016

3413 pkoi the Blocker (level 10, -3/79 HPs)
             Began as a Formicid Fighter on July 29, 2019.
             Was an Elder of Okawaru.
             Slain by a white ugly thing (30 damage)
             ... on level 8 of the Dungeon.
             The game lasted 00:09:55 (7746 turns).

pkoi the Blocker (Formicid Fighter)                 Turns: 7746, Time: 00:09:56

Health: -3/79      AC: 17    Str: 24    XL:     10   Next: 25%
Magic:  13/14      EV: 12    Int:  8    God:    Okawaru [****..]
Gold:   378        SH: 14    Dex: 10    Spells: 9/9 levels left

rFire    . . .     SeeInvis +   a - +1 long sword
rCold    . . .     Gourm    .   c - +1 shield
rNeg     . . .     Faith    +   p - +4 scale mail
rPois    .         Spirit   .   (helmet unavailable)
rElec    .         Reflect  .   (no cloak)
rCorr    .         Harm     .   (no gloves)
MR       +....     Clarity  +   (no boots)
Stlth    +.........             e - amulet of faith
HPRegen  0.23/turn              y - +2 ring of protection
MPRegen  0.14/turn              (no ring)

@: heroism
A: permanent stasis, dig shafts and tunnels, four strong arms, antennae 3,
molten scales 1, clarity
a: Dig, Shaft Self, Heroism, Renounce Religion


You were on level 8 of the Dungeon.
You worshipped Okawaru.
Okawaru was greatly pleased with you.
You were not hungry.

You visited 1 branch of the dungeon, and saw 8 of its levels.
You also visited: Ossuary.

You collected 378 gold pieces.

Inventory:

Hand Weapons
 a - a +1 long sword (weapon)
 v - a +0 shortbow
Missiles
 w - 118 arrows
Armour
 c - a +1 shield (worn)
 p - a +4 scale mail (worn)
Jewellery
 e - an amulet of faith (around neck)
 y - a +2 ring of protection (left hand)
 z - an uncursed ring of fire
 G - a +3 ring of dexterity {unknown}
Wands
 g - a wand of disintegration (11)
 l - a wand of iceblast (9)
 x - a wand of polymorph (8)
Scrolls
 h - a scroll of amnesia
 i - a scroll of enchant armour
 m - 2 scrolls of fear
 n - 9 scrolls of identify
 o - a scroll of magic mapping
 u - 4 scrolls of remove curse
 F - 2 scrolls of enchant weapon
Potions
 b - a potion of magic
 d - 4 potions of might
 j - a potion of flight
 k - 2 potions of cancellation
 q - 6 potions of curing
 r - 2 potions of heal wounds
 s - a potion of invisibility
 t - 2 potions of resistance {unknown}
 A - 2 potions of brilliance
 B - 2 potions of ambrosia
 C - a potion of lignification
 D - a potion of agility
Comestibles
 f - 10 rations
 E - 6 chunks of flesh


   Skills:
 + Level 7.4(12.4) Fighting
 + Level 6.3(11.3) Long Blades
 + Level 2.9(7.9) Bows
 + Level 7.4(12.4) Armour
 + Level 8.2(13.2) Shields
 + Level 6.6 Invocations


You had 9 spell levels left.
You didn't know any spells.
Your spell library contained the following spells:

 Spells                   Type           Power        Failure   Level  Hunger
 Summon Small Mammal      Summ           #...         65%         1    ##.....
 Call Imp                 Summ           #.......     78%         2    ###....
 Call Canine Familiar     Summ           #.......     95%         3    ####...
 Summon Guardian Golem    Hex/Summ       #.......     95%         3    ####...
 Summon Ice Beast         Ice/Summ       #.......     100%        4    #####..
 Summon Lightning Spire   Summ/Air       #.......     100%        4    #####..


Dungeon Overview and Level Annotations

Branches:
Dungeon (8/15)             Temple (0/1) D:6
   Lair: D:8-11

Altars:
Elyvilon
Gozag
Hepliaklqana
Kikubaaqudgha
Okawaru
Trog
Uskayaw
Yredelemnul

Shops:
D:4 [   D:8 *

Annotations:
D:7 2 transporters, dillon's ghost, novice MfTm


Innate Abilities, Weirdness & Mutations

You cannot be hasted, slowed, berserked, paralysed or teleported.
You can dig through walls and to a lower floor.
Your four strong arms can wield two-handed weapons with a shield.
You have a pair of large antennae on your head. (SInv)
You are partially covered in molten scales. (AC +2)
You possess an exceptional clarity of mind.


Message History

The white ugly thing closely misses you.
You riposte.
You closely miss the white ugly thing.
The white ugly thing is severely wounded.
Unknown command.
You hit the white ugly thing.
The white ugly thing is severely wounded.
The white ugly thing engulfs you but does no damage.
Unknown command.
You slash the white ugly thing!
The white ugly thing is almost dead.
You closely miss the white ugly thing.
The white ugly thing is almost dead.
The white ugly thing engulfs you but does no damage.
Unknown command.
You hit the white ugly thing.
The white ugly thing is almost dead.
The phantom barely misses you. The white ugly thing engulfs you!
* * * LOW HITPOINT WARNING * * *
The white ugly thing freezes you!!
You die...

#.# #.######.####.#####.# # ..##
#.# #.# #.# #.# # ...#
################ #.# # ...##
###...)....###...## #.# # #...#
#......#...##.....####.### ##..#
##.....##...#.......#......
#..###......##...'.......#......
##..#......####..)#.......#######
).....####### #.@.##.....##......
##..#####...###Wu.###...##*###...
##..####.....##...# #####*####.##
......#.......#...#***...,..##.#
###.###.......'...#*,.W..,#.##.#
....# #[......#...#*.u...*#.##.#
##### ##[....##^..#......*#.##.##
##).(###........#**#.#...# #####
##########* #......


You could see a white ugly thing and a phantom.

Vanquished Creatures
  A two-headed ogre (D:8)
  A hippogriff (D:7)
  A wyvern (D:8)
  Menkaure (Ossuary)
  An orc warrior (D:7)
  An ice beast (D:7)
  2 sky beasts (D:5)
  A phantom (D:7)
  3 ogres
  A centaur (D:6)
  5 bullfrogs
  4 wights (D:7)
  2 bullfrog zombies
  4 crimson imps
  2 hounds
  2 orc priests (D:3)
  Jessica (D:2)
  2 iguanas
  4 worker ants
  4 orc wizards
  A hound zombie (D:8)
  2 hound skeletons
  4 mummies
  4 gnolls
  13 adders
  3 oozes
  An adder skeleton (D:5)
  2 worms (D:2)
  2 dart slugs (D:1)
  4 leopard geckos
  30 orcs
  7 bats
  9 giant cockroaches
  4 gnoll zombies (Ossuary)
  3 goblins
  6 hobgoblins
  6 jackals
  3 quokkas
  3 ball pythons
  A ball python skeleton (D:4)
  3 frilled lizards
  3 gnoll skeletons (Ossuary)
  6 goblin skeletons (Ossuary)
  4 goblin zombies (Ossuary)
  4 hobgoblin skeletons (Ossuary)
  4 hobgoblin zombies (Ossuary)
  12 kobolds
  6 kobold skeletons (Ossuary)
  4 kobold zombies (Ossuary)
  3 orc skeletons (Ossuary)
  5 orc zombies (Ossuary)
  2 quokka skeletons
  8 rats
  2 rat skeletons (Ossuary)
  3 rat zombies (Ossuary)
220 creatures vanquished.

Vanquished Creatures (others)
  An orc wizard (D:6)
  A goblin skeleton (Ossuary)
  A goblin zombie (Ossuary)
3 creatures vanquished.

Grand Total: 223 creatures vanquished

Notes
Turn   | Place    | Note
-------+----------+-------------------------------------------
     0 | D:1      | pkoi the Formicid Fighter began the quest for the Orb.
     0 | D:1      | Reached XP level 1. HP: 18/18 MP: 1/1
    47 | D:1      | Reached XP level 2. HP: 5/24 MP: 2/2
   389 | D:1      | Reached XP level 3. HP: 27/29 MP: 3/3
   398 | D:1      | Reached skill level 4 in Shields
   934 | D:2      | Reached XP level 4. HP: 37/37 MP: 4/4
   957 | D:2      | Noticed Jessica
   963 | D:2      | Killed Jessica
  1257 | D:2      | Reached XP level 5. HP: 34/42 MP: 5/5
  1260 | D:2      | Found an iron altar of Okawaru.
  1267 | D:2      | Found a basalt altar of Yredelemnul.
  1267 | D:2      | Found a bloodstained altar of Trog.
  1268 | D:2      | Found an opulent altar of Gozag.
  1271 | D:2      | Found a hide-covered altar of Uskayaw.
  1272 | D:2      | Found a white marble altar of Elyvilon.
  1284 | D:2      | Became a worshipper of Warmaster Okawaru
  1313 | D:2      | Found a hazy altar of Hepliaklqana.
  1806 | D:2      | Reached skill level 1 in Invocations
  1823 | D:3      | Reached XP level 6. HP: 40/49 MP: 6/6
  2342 | D:3      | Reached skill level 5 in Shields
  2536 | D:4      | Noticed a two-headed ogre
  3004 | D:4      | Found Tageho's Armour Shop.
  3108 | D:4      | Gained mutation: You are partially covered in molten
                  | scales. (AC +2) [potion of mutation]
  3108 | D:4      | Gained mutation: You possess an exceptional clarity of
                  | mind. [potion of mutation]
  3337 | D:5      | Entered Level 5 of the Dungeon
  3340 | D:5      | Noticed a sky beast
  3350 | D:5      | Killed a sky beast
  3350 | D:5      | Reached * piety under Okawaru
  3350 | D:5      | Reached XP level 7. HP: 55/55 MP: 8/8
  3446 | D:5      | Reached skill level 5 in Fighting
  3834 | D:5      | Reached skill level 5 in Armour
  4189 | D:5      | Reached XP level 8. HP: 60/62 MP: 10/10
  4487 | D:6      | Reached skill level 6 in Shields
  4497 | D:6      | Reached ** piety under Okawaru
  4645 | D:6      | Found a staircase to the Ecumenical Temple.
  4867 | D:6      | Reached skill level 5 in Long Blades
  5037 | D:6      | Found an ancient bone altar of Kikubaaqudgha.
  5285 | D:6      | Reached XP level 9. HP: 69/69 MP: 12/12
  5374 | D:7      | Reached skill level 5 in Invocations
  5442 | D:7      | Reached *** piety under Okawaru
  5442 | D:7      | Reached skill level 1 in Bows
  5442 | D:7      | Reached skill level 7 in Shields
  5819 | D:7      | Found a transporter.
  5819 | D:7      | Found a transporter.
  5820 | D:7      | Noticed dillon's ghost (novice MfTm)
  6175 | D:8      | Noticed a hippogriff
  6200 | D:7      | Killed a hippogriff
  6422 | D:8      | Found a sand-covered staircase.
  6426 | D:8      | Noticed a two-headed ogre
  6433 | Ossuary  | Entered an ossuary
  6685 | Ossuary  | Noticed Menkaure
  6700 | Ossuary  | Killed Menkaure
  6804 | D:8      | Killed a two-headed ogre
  6804 | D:8      | Reached **** piety under Okawaru
  6804 | D:8      | Received a gift from Okawaru
  6804 | D:8      | Received a gift from Okawaru
  6804 | D:8      | Reached skill level 8 in Shields
  6804 | D:8      | Reached XP level 10. HP: 19/79 MP: 12/14
  7345 | D:8      | Noticed a two-headed ogre
  7406 | D:8      | Found Ehuhedux's General Store.
  7724 | D:8      | Noticed a white ugly thing
  7746 | D:8      | Slain by a white ugly thing

Levels and vault maps discovered:
D:1:      minmay_arrival_hallway, layout_loops_ring, chequers_jeans,
          chequers_garden, minmay_circled_x
D:2:      layout_basic, lemuel_round_altar, minitemple, first_ration,
          uniq_jessica
D:3:      layout_rooms
D:4:      layout_basic, serial_shops, nicolae_shop_stone
D:5:      layout_loops_cross
D:6:      layout_loops_cross, kiku_gazebo_pond_becter, minmay_temple_entry_mist
D:7:      layout_loops_cross, gammafunk_ghost_hive
D:8:      minmay_opposing_rooms, layout_loops_ring, gup_ossuary_entry_pyramid,
          serial_shops, shop_statue

Skill      XL: |  1  2  3  4  5  6  7  8  9 |
---------------+----------------------------+-----
Shields        | 4 5 6 8 |  8.2
Fighting       | 4 5 6 7 |  7.4
Armour         | 4 5 6 7 |  7.4
Long Blades    | 3 4 5 6 |  6.3
Invocations    | 1 2 3 4 6 |  6.6
Bows           | 2 |  2.9

Action                   |  1- 3 |  4- 6 |  7- 9 | 10-12 || total
-------------------------+-------+-------+-------+-------++-------
Melee: Long sword        |    89 |   226 |   470 |    91 ||   876
Invok: Heroism           |       |       |     1 |     1 ||     2
  Use: Scroll            |       |    10 |     4 |     1 ||    15
       Potion            |       |     8 |     3 |       ||    11
  Eat: Chunk             |       |     8 |    10 |     2 ||    20
       Ration            |       |       |     1 |       ||     1
Armor: Scale mail        |    43 |    98 |   160 |    31 ||   332
Dodge: Dodged            |    44 |   103 |   156 |    32 ||   335
Block: Shield            |    64 |   172 |   282 |    61 ||   579
       Rpst.: Long sword |    18 |    35 |    40 |    12 ||   105

Table legend:
 A = Non-vault XP
 B = Vault XP
 C = Vault XP percentage of total XP
 D = Non-vault monster count
 E = Vault monster count
 F = Vault count percentage of total count
                 A         B        C        D         E       F
            +---------+---------+-------+---------+---------+-------
      Total |    4362 |     515 |  10.6 |     157 |      60 |  27.6
            +---------+---------+-------+---------+---------+-------
        D:1 |      55 |       7 |  11.3 |      20 |       4 |  16.7
        D:2 |     126 |      37 |  22.7 |      21 |       1 |   4.5
        D:3 |     156 |       0 |   0.0 |      28 |       0 |   0.0
        D:4 |     108 |       0 |   0.0 |       7 |       0 |   0.0
        D:5 |     520 |       0 |   0.0 |      29 |       0 |   0.0
        D:6 |     970 |       0 |   0.0 |      26 |       0 |   0.0
        D:7 |    1136 |       0 |   0.0 |      17 |       0 |   0.0
        D:8 |    1291 |     204 |  13.6 |       9 |       7 |  43.8
    Ossuary |       0 |     267 | 100.0 |       0 |      48 | 100.0
            +---------+---------+-------+---------+---------+-------
